 Dungeon Crawl Stone Soup version 0.29-a0-664-gff9cad4a3d (webtiles) character file.

Game seed: 10315667711235690915

1929 avis the Shooter (level 8, -2/57 (68) HPs)
             Began as a Demigod Ice Elementalist on June 23, 2022.
             Slain by a wight
             ... wielding a +1 great sword of freezing
              (10 damage)
             ... on level 6 of the Dungeon.
             The game lasted 00:48:38 (6309 turns).

avis the Shooter (Demigod Ice Elementalist)         Turns: 6309, Time: 00:48:39

HP:   -2/57 (68)    AC: 11    Str:  9    XL:     8   Next: 64%
MP:   8/15          EV: 12    Int: 17    God:
Gold: 80            SH:  0    Dex: 22    Spells: 6/13 levels left

rFire   x . .      SeeInvis .   F - +2 dagger (holy)
rCold   + . .      Faith    .   (no shield)
rNeg    . . .      Spirit   .   g - +0 robe
rPois   +          Reflect  .   q - +0 helmet
rElec   .          Harm     .   H - +0 cloak {rPois}
rCorr   .          Rampage  .   (no gloves)
Will    .....                   (no boots)
Stlth   ++........              n - amulet of regeneration
HPRegen 0.99/turn               m - ring of poison resistance
MPRegen 0.14/turn               x - ring of ice

@: ice-armoured, heavily drained
A: high MP 1, forlorn, divine attributes
a: no special abilities


You were on level 6 of the Dungeon.
You visited 2 branches of the dungeon, and saw 7 of its levels.

You collected 397 gold pieces.
You spent 317 gold pieces at shops.

Inventory:

Hand Weapons
 a - a +1 dagger of venom
 b - a +0 shortbow
 e - a +0 vorpal flail
 j - a +5 flail
 A - a +1 hand axe of electrocution
 F - a +2 dagger of holy wrath (weapon)
 L - a +2 dagger of speed
 M - a +0 hunting sling of freezing
Missiles
 z - 2 throwing nets
Armour
 g - a +0 robe (worn)
 q - a +0 helmet (worn)
 H - a +0 cloak of poison resistance (worn)
Jewellery
 m - a ring of poison resistance (left hand)
 n - an amulet of regeneration (around neck)
 x - a ring of ice (right hand)
Wands
 w - a wand of digging (4)
 K - a wand of iceblast (6)
Scrolls
 i - 2 scrolls of fog {unknown}
 l - a scroll of immolation {unknown}
 o - 2 scrolls of acquirement {unknown}
 p - 4 scrolls of noise {unknown}
 r - 5 scrolls of identify
 s - a scroll of magic mapping {unknown}
 t - 2 scrolls of teleportation {unknown}
 y - a scroll of summoning {unknown}
 B - a scroll of fear {unknown}
 E - 3 scrolls of poison {unknown}
 G - a scroll of enchant armour {unknown}
Potions
 c - 3 potions of magic
 d - a potion of ambrosia
 f - a potion of brilliance
 h - a potion of heal wounds
 k - a potion of lignification
 u - 4 potions of curing
 v - a potion of flight


   Skills:
 - Level 5.0 Fighting
 * Level 7.4 Bows
 - Level 1.7 Dodging
 - Level 2.0 Stealth
 - Level 3.0 Spellcasting
 - Level 6.0 Ice Magic


You had 6 spell levels left.
You knew the following spells:

 Your Spells              Type           Power      Damage    Failure   Level
a - Freeze                Ice            100%       1d11      1%          1
f - Frozen Ramparts       Ice            68%        1d8       4%          3
o - Ozocubu's Armour      Ice            34%        N/A       4%          3

Your spell library contained the following spells:

 Spells                   Type           Power      Damage    Failure   Level
 Ensorcelled Hibernation  Hex/Ice        38%        N/A       8%          2
 Sting                    Tmut/Pois      8%         1d3       17%         1
 Poisonous Vapours        Pois/Air       4%         N/A       26%         2
 Static Discharge         Conj/Air       2%         N/A       26%         2
 Spider Form              Tmut/Pois      2%         N/A       45%         3
 Hailstorm                Conj/Ice       19%        3d6       45%         4
 Anguish                  Hex/Necr       1%         N/A       86%         4
 Dispel Undead            Necr           2%         3d7       86%         4
 Olgreb's Toxic Radiance  Pois           2%         N/A       86%         4
 Sticky Flame             Conj/Fire      2%         2d3       86%         4


Dungeon Overview and Level Annotations

Branches:
Dungeon (6/15)             Temple (1/1) D:4

Shops:
D:5 ?

Annotations:
D:3 1 runed translucent door, Vylera's ghost, amateur DjWn


Innate Abilities, Weirdness & Mutations

You have an increased reservoir of magic. (+10% MP)
You shall have no god before yourself.
Your divine heritage dramatically boosts your attributes as you level up.


Message History

Press: ? - help, Shift-Dir - straight line, f/p - wight
Aim: a wight, wielding a +1 great sword of freezing and wearing a +0 robe (lightly damaged)
You feel a surge of power!
You freeze the wight.
The wight resists.
The wight is moderately damaged.
The gnoll sergeant barely misses you.
The wight hits you with a +1 great sword of freezing!!
You feel drained. The wight freezes you.
Okay, then.
You hit the wight.
The wight is heavily damaged.
The wight misses you.
The gnoll sergeant hits you from afar with a +0 trident!
Casting: Freeze (safe; 1% risk of failure)
Confirm with . or Enter, or press ? or * to list all spells.
Aiming: Freeze (safe; 1% risk of failure)
Press: ? - help, Shift-Dir - straight line, f/p - wight
Aim: a wight, wielding a +1 great sword of freezing and wearing a +0 robe (heavily damaged)
You feel a surge of power!
You freeze the wight.
The wight resists.
The wight is heavily damaged.
The gnoll sergeant hits you from afar with a +0 trident.
* * * LOW HITPOINT WARNING * * *
The wight hits you with a +1 great sword of freezing!
* * * LOW HITPOINT WARNING * * *
You feel drained.
* * * LOW HITPOINT WARNING * * *
The wight freezes you.
* * * LOW HITPOINT WARNING * * *
Your +1 dagger of venom stops dripping with poison.
Your +2 dagger of holy wrath softly glows with a divine radiance!
F - a +2 dagger of holy wrath (weapon)
The wight barely misses you. The gnoll sergeant closely misses you.
You feel much better. The gnoll sergeant barely misses you.
The wight hits you with a +1 great sword of freezing!
You feel drained.
You hit the wight.
The wight convulses.
The wight is severely damaged.
The gnoll sergeant hits you from afar with a +0 trident!
* * * LOW HITPOINT WARNING * * *
The wight hits you with a +1 great sword of freezing!
You die...

#######
#.....######
#....@zO...#
#.....#g...#
#.....#....#
#.....#.$..#
##)###### ##
#..)...#n.
#......#l..#
#......#


hh# #......# ### You could see an ogre, a gnoll sergeant and a wight.

Vanquished Creatures
  Edmund (D:6)
  A sky beast (D:6)
  A black bear (D:5)
  2 ogres
  A centaur (D:5)
  2 necrophages
  5 scorpions
  3 wights (D:6)
  5 hounds
  3 orc priests
  3 iguanas
  Terence (D:3)
  5 orc wizards
  Ijyb (D:5)
  12 gnolls
  9 adders
  A white imp (D:6)
  An ufetubus (D:6)
  2 worms
  A dart slug (D:1)
  26 orcs
  3 ball pythons
  8 endoplasms
  2 giant cockroaches (D:2)
  7 goblins
  9 hobgoblins
  10 jackals
  6 kobolds
  2 quokkas
  6 bats
  3 frilled lizards
  7 rats
149 creatures vanquished.

Notes
Turn   | Place    | Note
-------+----------+-------------------------------------------
     0 | D:1      | avis the Demigod Ice Elementalist began the quest for the
                  | Orb.
     0 | D:1      | Reached XP level 1. HP: 14/14 MP: 5/5
   431 | D:1      | Reached XP level 2. HP: 22/22 MP: 7/7
   636 | D:1      | Reached skill level 1 in Fighting
  1410 | D:2      | Reached XP level 3. HP: 29/29 MP: 8/8
  1414 | D:2      | Learned a level 3 spell: Ozocubu's Armour
  2360 | D:3      | Reached XP level 4. HP: 38/38 MP: 3/9
  2821 | D:3      | Noticed Terence
  2822 | D:3      | Reached XP level 5. HP: 45/45 MP: 7/10
  2843 | D:3      | Killed Terence
  2844 | D:3      | Reached skill level 5 in Ice Magic
  3146 | D:3      | Found a runed translucent door.
  3149 | D:3      | Noticed Vylera's ghost (amateur DjWn)
  3775 | D:4      | Reached XP level 6. HP: 37/52 MP: 7/12
  3961 | D:4      | Learned a level 3 spell: Frozen Ramparts
  3999 | D:4      | Found a staircase to the Ecumenical Temple.
  4052 | Temple   | Entered the Ecumenical Temple
  4242 | D:5      | Entered Level 5 of the Dungeon
  4242 | D:5      | Found Wuageh's Magic Scroll Emporium.
  4364 | D:5      | Reached skill level 5 in Fighting
  4394 | D:5      | Bought a scroll of amnesia for 45 gold pieces
  4394 | D:5      | Bought a scroll of enchant weapon for 97 gold pieces
  4394 | D:5      | Bought a scroll of torment for 97 gold pieces
  4394 | D:5      | Bought a scroll of identify for 26 gold pieces
  4394 | D:5      | Bought a scroll of identify for 26 gold pieces
  4394 | D:5      | Bought a scroll of identify for 26 gold pieces
  4617 | D:5      | Reached XP level 7. HP: 54/61 MP: 14/14
  4826 | D:5      | Reached skill level 1 in Bows
  4864 | D:5      | Reached skill level 2 in Bows
  4905 | D:5      | Noticed Ijyb
  4919 | D:5      | Killed Ijyb
  4920 | D:5      | Reached skill level 3 in Bows
  5057 | D:5      | Reached skill level 4 in Bows
  5086 | D:5      | Reached XP level 8. HP: 68/68 MP: 9/15
  5262 | D:5      | Reached skill level 5 in Bows
  5712 | D:6      | Noticed Edmund
  5723 | D:6      | Killed Edmund
  6025 | D:6      | Reached skill level 6 in Bows
  6211 | D:6      | Reached skill level 7 in Bows
  6309 | D:6      | Slain by a wight

Illustrated notes

Levels and vault maps discovered:
D:1:      heliophobic_arrival_battle_scene, layout_basic,
          hellmonk_ecumenical_altar_crossroads, serial_corexii_hall,
          chequers_hall_statues_corner_a, corexii_hall_statues_s,
          corexii_hall_statues_i, corexii_hall_statues_u
D:2:      layout_basic
D:3:      layout_loops_ring, ebering_ghost_reflecting_pool, uniq_terence
D:4:      layout_rooms, minmay_temple_entry_large_hall
D:5:      layout_cave_pods, nicolae_overflow_hallway_of_the_gods, serial_shops,
          shop_coins, uniq_ijyb
D:6:      minmay_clustersquares, layout_loops_corners,
          mainiacjoe_overflow_six_doors_small, uniq_edmund
Temple:   nicolae_temple_figure_zero

Skill      XL: |  1  2  3  4  5  6  7  8 |
---------------+-------------------------+-----
Ice Magic      | 4 5 6 |  6.0
Fighting       | 1 3 4 5 |  5.0
Spellcasting   | 2 3 |  3.0
Stealth        | 2 |  2.0
Bows           | 4 7 |  7.4
Dodging        | |  1.7

Action                   |  1- 3 |  4- 6 |  7- 9 || total
-------------------------+-------+-------+-------++-------
Melee: Spear             |     6 |       |       ||     6
       Dagger            |    51 |   190 |    99 ||   340
       Punch             |       |     5 |     3 ||     8
 Fire: Hunting sling     |    25 |     8 |    12 ||    45
       Shortbow          |       |       |    71 ||    71
Throw: Throwing net      |     1 |       |       ||     1
 Cast: Freeze            |    52 |    32 |    22 ||   106
       Ozocubu's Armour  |     2 |    20 |    14 ||    36
  Use: Scroll            |       |     8 |       ||     8
       Potion            |       |       |     1 ||     1
 Stab: Sleeping          |     4 |     3 |       ||     7
       Distracted        |     1 |       |       ||     1
Armor: Robe              |    25 |    85 |    79 ||   189
Dodge: Dodged            |    48 |   135 |   100 ||   283

Table legend: (Time is in decaauts)
 A = Elapsed time spent in this place.
 B = Non-inter-level travel time spent in this place.
 C = Inter-level travel time spent in this place.
 D = Time resting spent in this place.
 E = Time spent auto-exploring this place.
 F = Levels seen in this place.
 G = Mean time per level.
                   A        B        C        D        E       F      G
               +--------+--------+--------+--------+--------+-----+--------+
         Total |   6335 |   5724 |    611 |   1031 |   2845 |   7 |  905.0 |
       Dungeon |   6311 |   5703 |    608 |   1031 |   2845 |   6 | 1051.8 |
        Temple |     23 |     20 |      3 |      0 |      0 |   1 |   23.0 |
               +--------+--------+--------+--------+--------+-----+--------+

Top non-repeatable levels by time:
     D:3: 1470 daAuts
     D:5: 1305 daAuts
     D:1: 1162 daAuts
     D:2: 1029 daAuts
     D:4: 814 daAuts
     D:6: 530 daAuts
  Temple: 23 daAuts
